AoeStats
← DS_Rodrixs
◆

SD3 Thin Ice v3

513207463Analyzed
1v1 RM · 3d ago on Oct 12, 2026· 21m 21s· 2 players
Game mode
Random Map
Map size
Tiny (2 player)
Population
200
Speed
Normal
Resources
Standard
Victory
Conquest
Starting age
Dark Age
Ending age
Dark Age
RankedLock teamsTeams togetherTeam positionsShared explorationLock speedFull tech treeHidden civsTurbo modeCheats
Victory
Defeat
🇦🇷 Malay · Argentina
1549
+14
vs
🇷🇴 Spanish · Romania
1503
-14
Andre_2i
6:27 Loom
9:17 Feudal Age
13:45 Castle Age
13:41 Double-Bit Axe
15:16 Padded Archer Armor
16:54 Town Watch
DS_Rodrixs
8:28 Feudal Age
8:02 Man-at-Arms
8:28 Double-Bit Axe
12:24 Fletching
17:05 Castle Age
16:55 Bodkin Arrow
16:30 Crossbowman
20:20 Ballistics
Connection lost

Rejoining the realm…

Still unreachable

The connection could not be restored.

Session expired

The server has moved on; the page needs a fresh start.